 Dungeon Crawl Stone Soup version 0.21.0-24-g2553a33 (webtiles) character file.

62 tidbits the Grave Robber (level 4, -1/28 HPs)
             Began as a Gnoll Necromancer on Jan 20, 2018.
             Was an Initiate of Cheibriados.
             Slain by a hound skeleton (2 damage)
             ... on level 3 of the Dungeon.
             The game lasted 00:04:31 (521 turns).

tidbits the Grave Robber (Gnoll Necromancer)         Turns: 521, Time: 00:04:32

Health: -1/28      AC:  3    Str: 11    XL:     4   Next: 8%
Magic:  9/11       EV: 15    Int: 20    God:    Cheibriados [......]
Gold:   48         SH:  0    Dex: 16    Spells: 9/13 levels left

rFire    . . .     SeeInvis .   a - +0 dagger
rCold    . . .     Gourm    .   (no shield)
rNeg     . . .     Faith    .   g - +0 robe
rPois    .         Spirit   .   (no helmet)
rElec    .         Reflect  .   e - scarf {repulsion}
rCorr    .         Harm     .   (no gloves)
MR       +....                  F - +0 pair of boots
Stlth    +++.......             (no amulet)
HPRegen  0.09/turn              (no ring)
MPRegen  0.12/turn              (no ring)

@: repel missiles, very slow
A: distributed training, fangs 1, frail 1, magic resistance 1, strong nose
a: Bend Time, Renounce Religion


You were on level 3 of the Dungeon.
You worshipped Cheibriados.
Cheibriados was noncommittal.
You were very full.

You visited 1 branch of the dungeon, and saw 3 of its levels.

You collected 48 gold pieces.

Inventory:

Hand Weapons
 a - a +0 dagger (weapon)
 k - a +0 hand axe
Missiles
 j - 28 sling bullets
Armour
 e - a scarf of repulsion (worn)
   (You found it on level 3 of the Dungeon)
 g - a +0 robe (worn)
 F - a +0 pair of boots (worn)
Jewellery
 h - an uncursed ring of teleportation
   (You found it on level 3 of the Dungeon)
Scrolls
 i - a scroll of identify
Potions
 f - a potion of resistance
Books
 b - a book of Necromancy

   Spells                             Type                      Level
   a - Pain                           Necromancy                   1
   b - Animate Skeleton               Necromancy                   1
   c - Vampiric Draining              Necromancy                   3
   d - Regeneration                   Charms/Necromancy            3
   e - Animate Dead                   Necromancy                   4
   f - Borgnjor's Vile Clutch         Necromancy/Earth             5
Comestibles
 c - 2 rations


   Skills:
 + Level 1.0 Fighting
 + Level 1.0 Short Blades
 + Level 1.0 Long Blades
 + Level 1.0 Axes
 + Level 1.0 Maces & Flails
 + Level 1.0 Polearms
 + Level 1.0 Staves
 + Level 1.0 Slings
 + Level 1.0 Bows
 + Level 1.0 Crossbows
 + Level 1.0 Throwing
 + Level 1.0 Armour
 + Level 4.6 Dodging
 + Level 4.2 Stealth
 + Level 1.0 Shields
 + Level 1.0 Unarmed Combat
 + Level 5.0 Spellcasting
 + Level 0.7 Conjurations
 + Level 0.7 Hexes
 + Level 0.7 Charms
 + Level 0.7 Summonings
 + Level 7.1 Necromancy
 + Level 0.7 Translocations
 + Level 0.7 Transmutations
 + Level 0.7 Fire Magic
 + Level 0.7 Ice Magic
 + Level 0.7 Air Magic
 + Level 0.7 Earth Magic
 + Level 0.7 Poison Magic
 + Level 1.1 Invocations
 + Level 1.0 Evocations


You had 9 spell levels left.
You knew the following spells:

 Your Spells              Type           Power        Failure   Level  Hunger
a - Pain                  Necr           ####         1%          1    None
d - Vampiric Draining     Necr           ####......   1%          3    ##.....


Dungeon Overview and Level Annotations

Branches:
Dungeon (3/15)

Altars:
Cheibriados

Annotations:
D:3 Sigmund


Innate Abilities, Weirdness & Mutations

Your experience applies equally to all skills.
You have very sharp teeth.
Your uncanny sense of smell can sniff out nearby items.
You are frail. (-10% HP)
You are resistant to hostile enchantments. (MR+)


Message History

Aiming: Pain
Press: ? - help, Shift-Dir - straight line, f/p - worm
Aim: a worm (heavily wounded, chance to defeat MR: 89%)
The worm writhes in agony!
You kill the worm!
Something barely misses you.
You miss something.
You hear some strange, mumbled words.
A magic dart appears from out of thin air!
The magic dart hits you!
* * * LOW HITPOINT WARNING * * *
Casting: Pain
Confirm with . or Enter, or press ? or * to list all spells.
You can't see any susceptible monsters within range! (Use Z to cast anyway.) Unknown command.
Okay, then.
Casting: Pain
Confirm with . or Enter, or press ? or * to list all spells.
Aiming: Pain
Press: ? - help, Shift-Dir - straight line Nothing appears to happen.
Something hits you.
* * * LOW HITPOINT WARNING * * *
Something hits you but does no damage. Magic courses through your body.
Something hits you but does no damage.
Casting: Pain
Confirm with . or Enter, or press ? or * to list all spells.
Aiming: Vampiric Draining
Press: ? - help, Shift-Dir - straight line Cheibriados appreciates the change of pace.
Your Fighting skill increases to level 1!
Your Short Blades skill increases to level 1!
Your Long Blades skill increases to level 1!
Your Axes skill increases to level 1!
Your Maces & Flails skill increases to level 1!
Your Polearms skill increases to level 1!
Your Staves skill increases to level 1!
Your Slings skill increases to level 1!
Your Bows skill increases to level 1!
Your Crossbows skill increases to level 1!
Your Throwing skill increases to level 1!
Your Armour skill increases to level 1!
Your Shields skill increases to level 1!
Your Unarmed Combat skill increases to level 1!
Your Invocations skill increases to level 1!
Your Evocations skill increases to level 1!
You have reached level 4!
You feel clever.
You feel a bit more experienced.
You feel life coursing into your body.
Things that are here:
a dagger; a robe; a worm corpse A kobold comes into view.
It is wielding a dagger.
The kobold throws a stone.
The stone misses you.
A hound skeleton comes into view.
Casting: Vampiric Draining
Confirm with . or Enter, or press ? or * to list all spells.
Aiming: Pain
Press: ? - help, Shift-Dir - straight line, f - kobold
Aim: a kobold, wielding a dagger and wearing a notched iron ring (chance to defeat MR: 93%)
The kobold writhes in agony!
You kill the kobold!
Cheibriados appreciates the change of pace.
Casting: Pain
Confirm with . or Enter, or press ? or * to list all spells.
You can't see any susceptible monsters within range! (Use Z to cast anyway.)
The hound skeleton bites you.
* * * LOW HITPOINT WARNING * * *
The hound skeleton bites you.
* * * LOW HITPOINT WARNING * * *
You barely miss the hound skeleton. The hound skeleton closely misses you.
You barely miss the hound skeleton. The hound skeleton barely misses you.
You hit the hound skeleton.
The hound skeleton is lightly damaged.
The hound skeleton closely misses you.
You hit the hound skeleton.
The hound skeleton is lightly damaged.
The hound skeleton barely misses you.
You hit the hound skeleton.
The hound skeleton is moderately damaged.
The hound skeleton bites you but does no damage.
The hound skeleton misses you.
You barely miss the hound skeleton.
The hound skeleton is moderately damaged.
The hound skeleton bites you.
* * * LOW HITPOINT WARNING * * *
Casting: Pain
Confirm with . or Enter, or press ? or * to list all spells.
You don't know that spell.
Okay, then.
Unknown command.
You hit the hound skeleton.
The hound skeleton is heavily damaged.
The hound skeleton misses you.
You hit the hound skeleton but do no damage.
You bite the hound skeleton.
The hound skeleton is severely damaged.
The hound skeleton barely misses you.
You hit the hound skeleton.
The hound skeleton is severely damaged.
The hound skeleton bites you.
You die...

....r.<.# #...###.#
#....... #. #.# ...... .
#.# ..... . #.# #)..## .#
#%# ..).##.## #.#
#..#%.... #.# #.Z..# #.##
#.@.### #.#.# #..# #...#.#
...#.# ##.# #....# ##.#
#.# #.# #....##..# #.#
#.######.(......####.#
#...))...............#
########.##...#####.>#####
#.###..#....<......
#.###..#.##........


You could see a hound skeleton.

Vanquished Creatures
  An orc wizard (D:3)
  An adder (D:2)
  A worm (D:3)
  2 dart slugs (D:2)
  A leopard gecko (D:1)
  3 orcs (D:3)
  A goblin (D:1)
  A quokka (D:3)
  2 bats (D:1)
  2 kobolds
  A rat (D:3)
16 creatures vanquished.

Notes
Turn   | Place    | Note
-------+----------+-------------------------------------------
     0 | D:1      | tidbits the Gnoll Necromancer began the quest for the Orb.
     0 | D:1      | Reached XP level 1. HP: 13/13 MP: 6/6
    79 | D:2      | Reached XP level 2. HP: 14/19 MP: 3/7
   116 | D:2      | Found a snail-covered altar of Cheibriados.
   127 | D:2      | Became a worshipper of Cheibriados the Contemplative
   152 | D:3      | Gained mutation: You are frail. (-10% HP) [potion of mutation]
   152 | D:3      | Gained mutation: You are resistant to hostile enchantments. (MR+) [potion of mutation]
   220 | D:3      | Noticed Sigmund
   479 | D:3      | Reached XP level 3. HP: 20/22 MP: 7/9
   493 | D:3      | Learned a level 3 spell: Vampiric Draining
   494 | D:3      | Reached skill level 5 in Spellcasting
   503 | D:3      | Reached skill level 1 in Fighting
   503 | D:3      | Reached skill level 1 in Short Blades
   503 | D:3      | Reached skill level 1 in Long Blades
   503 | D:3      | Reached skill level 1 in Axes
   503 | D:3      | Reached skill level 1 in Maces & Flails
   503 | D:3      | Reached skill level 1 in Polearms
   503 | D:3      | Reached skill level 1 in Staves
   503 | D:3      | Reached skill level 1 in Slings
   503 | D:3      | Reached skill level 1 in Bows
   503 | D:3      | Reached skill level 1 in Crossbows
   503 | D:3      | Reached skill level 1 in Throwing
   503 | D:3      | Reached skill level 1 in Armour
   503 | D:3      | Reached skill level 1 in Shields
   503 | D:3      | Reached skill level 1 in Unarmed Combat
   503 | D:3      | Reached skill level 1 in Invocations
   503 | D:3      | Reached skill level 1 in Evocations
   503 | D:3      | Reached XP level 4. HP: 4/28 MP: 7/11
   518 | D:3      | HP: 1/28 [hound skeleton (3)]
   521 | D:3      | Slain by a hound skeleton

Skill      XL: |  1  2  3 |
---------------+----------+-----
Spellcasting   | 5 |  5.0
Fighting       | 1 |  1.0
Short Blades   | 1 |  1.0
Long Blades    | 1 |  1.0
Axes           | 1 |  1.0
Maces & Flails | 1 |  1.0
Polearms       | 1 |  1.0
Staves         | 1 |  1.0
Slings         | 1 |  1.0
Bows           | 1 |  1.0
Crossbows      | 1 |  1.0
Throwing       | 1 |  1.0
Armour         | 1 |  1.0
Shields        | 1 |  1.0
Unarmed Combat | 1 |  1.0
Invocations    | 1 |  1.1
Evocations     | 1 |  1.0
Dodging        | |  4.6
Stealth        | |  4.2
Conjurations   | |  0.7
Hexes          | |  0.7
Charms         | |  0.7
Summonings     | |  0.7
Necromancy     | |  7.1
Translocations | |  0.7
Transmutations | |  0.7
Fire Magic     | |  0.7
Ice Magic      | |  0.7
Air Magic      | |  0.7
Earth Magic    | |  0.7
Poison Magic   | |  0.7

Action                   |  1- 3 |  4- 6 || total
-------------------------+-------+-------++-------
Melee: Dagger            |     7 |     9 ||    16
       Bite              |     2 |     1 ||     3
 Cast: Pain              |    26 |     1 ||    27
       Vampiric Draining |     1 |     1 ||     2
  Use: Scroll            |     4 |       ||     4
       Potion            |     3 |       ||     3
  Eat: Ration            |     2 |       ||     2
Armor: Robe              |     4 |     1 ||     5
Dodge: Dodged            |    10 |     8 ||    18

Table legend:
 A = Turns spent in this place as a percentage of turns spent in the entire game.
 B = Non-inter-level travel turns spent in this place as a percentage of non-inter-level travel turns spent in the entire game.
 C = Inter-level travel turns spent in this place as a percentage of turns spent in this place.
 D = Turns resting spent in this place as a percentage of non-inter-level travel turns spent in this place.
 E = Turns spent auto-exploring this place as a percentage of non-inter-level travel turns spent in this place.
 F = Non-inter-level travel turns spent in this place divided by the number of levels of this place that you've seen.
                   A       B       C       D       E      F
               +-------+-------+-------+-------+-------+----------------------
         Total | 100.0 | 100.0 |   6.9 |   0.0 |   0.8 | 161.7
       Dungeon | 100.0 | 100.0 |   6.9 |   0.0 |   0.8 | 161.7
               +-------+-------+-------+-------+-------+----------------------

Table legend:
 A = Kills in this place as a percentage of kills in entire the game.
 B = Kills by you in this place as a percentage of kills by you in the entire game.
 C = Kills by friends in this place as a percentage of kills by friends in the entire game.
 D = Other kills in this place as a percentage of other kills in the entire game.
 E = Experience gained in this place as a percentage of experience gained in the entire game.
 F = Experience gained in this place divided by the number of levels of this place that you have seen.
                   A       B       C       D       E      F
               +-------+-------+-------+-------+-------+----------------------
         Total | 100.0 | 100.0 |   N/A |   N/A | 100.0 |  29.7
       Dungeon | 100.0 | 100.0 |   N/A |   N/A | 100.0 |  29.7
               +-------+-------+-------+-------+-------+----------------------

Vault maps used:
D:1:      lordsloth_arrival_two_stooges, minmay_misc_feat_more_columns
D:2:      nicolae_overflow_crystal_walls, chequers_temple_overflow_minitemple,
          kennysheep_slug_shrine
D:3:      kennysheep_vampire_church, kennysheep_nub, uniq_ijyb, uniq_sigmund
